 Dungeon Sprint DCSS version 0.31-a0-595-g4209ae197b (webtiles) character file.

Game seed: 476886291583588182

406 Conn the Arsonist (level 6, -4/36 HPs)
             Began as an Octopode Fire Elementalist on Aug 19, 2023.
             Slain by a merfolk siren
             ... wielding a +0 spear
              (17 damage)
             ... in the Dungeon (Sprint II: "The Violet Keep of Menkaure").
             The game lasted 00:03:04 (163 turns).

Conn the Arsonist (Octopode Fire Elementalist)       Turns: 163, Time: 00:03:04

Health: -4/36      AC:  1    Str:  8    XL:     6   Next: 87%
Magic:  12/15      EV: 15    Int: 19    God:
Gold:   23         SH:  0    Dex: 12    Spells: 8/18 levels left

rFire   . .          .
                       - Unarmed
rCold   . . .        (no shield)
rNeg    . . .        (helmet restricted)
rPois   .            (no amulet)
rElec   .            (no ring)
rCorr   .            (no ring)
SInv    .            (no ring)
Will    .....        (no ring)
Stlth   ++++         (no ring)
HPRegen 0.26/turn    (no ring)
MPRegen 0.14/turn    (no ring)
                     (no ring)

%: no teleportation
@: no status effects
A: almost no armour, amphibious, 8 rings, camouflage 1, gelatinous body 1,
(nimble swimmer 1), tentacles
a: no special abilities


You were in the Dungeon.
You visited 1 branch You collected 243 gold pieces.
You spent 220 gold pieces at shops.

Inventory:

Scrolls
 e - a scroll of fear {unknown}
 f - a scroll of blinking
Potions
 a - 2 potions of magic
 b - a potion of curing
 c - a potion of heal wounds
 d - a potion of haste


   Skills:
 + Level 5.6 Dodging
 + Level 5.7 Stealth
 + Level 1.6 Unarmed Combat
 + Level 6.5 Spellcasting
 + Level 2.5 Conjurations
 + Level 10.6 Fire Magic


You had 8 spell levels left.
You knew the following spells:

 Your Spells              Type           Power      Damage    Failure   Level
a - Foxfire               Conj/Fire      100%       2x1d9     1%          1
b - Scorch                Fire           92%        2d8       1%          2
c - Inner Flame           Hex/Fire       26%        N/A       3%          3
d - Flame Wave            Conj/Fire      31%        2d9       7%          4

Your spell library contained the following spells:

 Spells                   Type           Power      Damage    Failure   Level
 Volatile Blastmotes      Fire/Tloc      52%        2d14      3%          3
 Summon Small Mammal      Summ           24%        N/A       11%         1
 Call Canine Familiar     Summ           6%         N/A       32%         3
 Summon Guardian Golem    Hex/Summ       6%         N/A       32%         3


Dungeon Overview and Level Annotations

Branches:
Dungeon (1/1)

Altars:
Cheibriados
Dithmenos
Elyvilon
Hepliaklqana
Kikubaaqudgha
Qazlal
Ru
Jiyva

Shops:
D (::!*![:!=[=?(=

Annotations:
D exclusion: oklob plant


Innate Abilities, Weirdness & Mutations

You cannot wear most types of armour.
You are amphibious.
You can wear up to eight rings at the same time.
Your skin changes colour to match your surroundings (Stealth+).
Your rubbery body absorbs attacks. (AC +1, EV +1)
((You are camouflaged when in or above water. (Stealth+)))
You have tentacles for arms and can constrict up to eight enemies at once.


Message History

You kill the hell rat!
Unknown command.
There is an open door here.
e - a scroll labelled FIMOSTR YDIGHEO
There is an open door here.
You enter the shallow water.
The flying skull gives a hideous shriek!
You hear a hideous shriek! x2
Found a roughly hewn altar of Beogh.
Found a hazy altar of Hepliaklqana and a snail-covered altar of Cheibriados.
Found three altars.
Found three altars.
You open the door.
Unknown command.
A merfolk siren comes into view. It is wielding a +0 spear.
The merfolk siren shouts!
The merfolk siren hits you from afar with a +0 spear!!
Ouch! That really hurt!
There is an open door, spattered with blood here.
Unknown command.
The merfolk siren attacks as it pursues you!
The merfolk siren hits you from afar with a +0 spear.
Casting: Foxfire (safe; 1% risk of failure)
Confirm with . or Enter, or press ? or * to list all spells.
You conjure some foxfire!
Unknown command.
Casting: Foxfire (safe; 1% risk of failure)
Confirm with . or Enter, or press ? or * to list all spells.
Flames lash the merfolk siren.
The merfolk siren is lightly wounded.
The merfolk siren's fire resistance burns away.
The foxfire hits the merfolk siren!
The merfolk siren is burned terribly!
The merfolk siren is moderately wounded.
The merfolk siren closely misses you.
Unknown command.
Unknown command.
Unknown command.
The merfolk siren attacks as it pursues you!
The merfolk siren hits you from afar with a +0 spear!
You die...

# ~## S ####~~#++ #+++
###~~~... ... ..#~~~~.# #v§
..#~~~~# #§#### ..#~~~~#
#.§..# ∩.#~~### ###@§##
.∩#~##.# #+###.##.§#
∩.#~#..###†##...#m.#
.∩†~'##.'†<.+ #.'..### ##
..#~#..###.##...#....###...##
###~##.# #+###.##..§§..~~~~~~
###~~### ###~~..§§.~#+###
##†~~# #~~~§~§§§.~#.._. #+
#'#~## ##~~~§§~~~.~#._._


You could see a merfolk siren (combustible) and an electric eel (asleep).

Vanquished Creatures
  2 water moccasins (D)
  4 scorpions (D)
  A hell rat (D)
7 creatures vanquished.

Vanquished Creatures (others)
  Menkaure (D)
  19 foxfires (D)
20 creatures vanquished.

Grand Total: 27 creatures vanquished

Notes
Turn   | Place    | Note
-------+----------+-------------------------------------------
     0 | D        | Conn the Octopode Fire Elementalist began the quest for the
                  | Orb.
     0 | D        | Reached XP level 1. HP: 11/11 MP: 3/3
     1 | D        | Noticed a scorpion
     1 | D        | Noticed a scorpion
     9 | D        | Killed a scorpion
    10 | D        | Reached skill level 6 in Fire Magic
    10 | D        | Reached XP level 2. HP: 17/17 MP: 1/6
    10 | D        | Reached XP level 3. HP: 21/21 MP: 1/8
    10 | D        | Reached XP level 4. HP: 27/27 MP: 1/9
    12 | D        | Killed a scorpion
    13 | D        | Reached skill level 7 in Fire Magic
    13 | D        | Reached XP level 5. HP: 31/31 MP: 1/11
    16 | D        | Killed Menkaure
    20 | D        | Learned a level 2 spell: Scorch
    24 | D        | Learned a level 3 spell: Inner Flame
    29 | D        | Learned a level 4 spell: Flame Wave
    59 | D        | Reached skill level 5 in Spellcasting
    59 | D        | Reached skill level 8 in Fire Magic
    65 | D        | Reached skill level 5 in Stealth
    65 | D        | Reached skill level 1 in Unarmed Combat
    65 | D        | Reached skill level 9 in Fire Magic
    65 | D        | Reached XP level 6. HP: 31/36 MP: 0/14
    82 | D        | Found Kavutior's Magic Scroll Shoppe.
    82 | D        | Found Soroced's Weapon Shoppe.
    82 | D        | Found Wewnelat's Antique Armour Emporium.
    82 | D        | Found Fiffybum's Distillery.
    82 | D        | Found Laridimu's Jewellery Emporium.
    82 | D        | Found Nukucsiu's Jewellery Shoppe.
    82 | D        | Found Hoeli Xifu's Book Emporium.
    83 | D        | Found Esham's Antique Armour Shoppe.
    83 | D        | Found Tuitout's Distillery.
    83 | D        | Noticed a black bear
    84 | D        | Found Ogrifof's Jewellery Emporium.
    84 | D        | Noticed a black bear
    85 | D        | Found Yxtokywado's General Store.
    85 | D        | Found Luuf's Distillery.
    85 | D        | Noticed a water moccasin
    85 | D        | Noticed a black bear
    85 | D        | Noticed an oklob plant
    86 | D        | Noticed a slime creature
    88 | D        | Noticed a water moccasin
    90 | D        | Found Githruh's Book Shoppe.
    90 | D        | Found Enureqor's Antique Weapon Emporium.
    90 | D        | Found Jidug's Book Shoppe.
    90 | D        | Noticed a slime creature
    92 | D        | Noticed a slime creature
    93 | D        | Killed a water moccasin
    94 | D        | Reached skill level 5 in Dodging
    94 | D        | Reached skill level 10 in Fire Magic
    96 | D        | Killed a water moccasin
   103 | D        | Bought a book of Callings for 220 gold pieces
   103 | D        | Noticed a wyvern
   104 | D        | Noticed a wyvern
   106 | D        | Noticed a wyvern
   137 | D        | Noticed a flying skull
   137 | D        | Noticed a flying skull
   138 | D        | Noticed a flying skull
   138 | D        | Noticed a flying skull
   139 | D        | Noticed a flying skull
   140 | D        | Noticed a flying skull
   140 | D        | Noticed a flying skull
   140 | D        | Noticed a flying skull
   140 | D        | Noticed a flying skull
   140 | D        | Noticed a flying skull
   140 | D        | Noticed a flying skull
   141 | D        | Noticed a flying skull
   150 | D        | Found a hazy altar of Hepliaklqana.
   150 | D        | Found a snail-covered altar of Cheibriados.
   151 | D        | Found a stormy altar of Qazlal.
   151 | D        | Found a viscous altar of Jiyva.
   151 | D        | Found a shadowy altar of Dithmenos.
   152 | D        | Found a sacrificial altar of Ru.
   152 | D        | Found an ancient bone altar of Kikubaaqudgha.
   152 | D        | Found a white marble altar of Elyvilon.
   158 | D        | Noticed a merfolk siren
   163 | D        | Slain by a merfolk siren

Illustrated notes

Levels and vault maps discovered:
D:        the_violet_keep_of_menkaure [sprint2_stairs_cluster_1,
          sprint2_shoproom, sprint2_temple, sprint2_basic_supplies,
          sprint2_obstacle_1, sprint2_obstacle_6, sprint2_obstacle_7,
          sprint2_obstacle_5, sprint2_obstacle_3, sprint2_timed_cluster_1,
          sprint2_smallroom_cluster_1, sprint2_smallroom_final_cluster_1,
          sprint2_transparent_cluster_1, sprint2_second_timed_cluster_1,
          sprint2_sniper_area_1, sprint2_heavy_combat_area_1,
          sprint2_mutation_trap_area_1, sprint2_forest_area_1,
          sprint2_light_combat_area_1, sprint2_behind_water_1,
          sprint2_near_end_vault_1]

Skill      XL: |  1  2  3  4  5  6 |
---------------+-------------------+-----
Dodging        | 3 4 5 |  5.6
Stealth        | 3 4 5 |  5.7
Spellcasting   | 3 4 5 6 |  6.5
Fire Magic     | 6 7 9 10 | 10.6
Conjurations   | 2 |  2.5
Unarmed Combat | 1 |  1.6

Action                     |  1- 3 |  4- 6 || total
---------------------------+-------+-------++-------
  Melee: Unarmed           |     2 |    11 ||    13
         Tentacles         |     2 |     3 ||     5
         Constrict         |       |     4 ||     4
   Cast: Foxfire           |     2 |    10 ||    12
         Scorch            |       |     5 ||     5
         Flame Wave        |       |     1 ||     1
    Use: Potion            |     1 |     1 ||     2
 Armour: Skin              |     1 |       ||     1
  Dodge: Dodged            |     1 |    13 ||    14

Table legend: (Time is in decaauts)
 A = Elapsed time spent in this place.
 B = Non-inter-level travel time spent in this place.
 C = Inter-level travel time spent in this place.
 D = Time resting spent in this place.
 E = Time spent auto-exploring this place.
 F = Levels seen in this place.
 G = Mean time per level.
                   A        B        C        D        E       F      G
               +--------+--------+--------+--------+--------+-----+--------+
         Total |    174 |    174 |      0 |      0 |      0 |   1 |  174.0 |
       Dungeon |    174 |    174 |      0 |      0 |      0 |   1 |  174.0 |
               +--------+--------+--------+--------+--------+-----+--------+

Top non-repeatable levels by time:
       D: 174 daAuts
